 Dungeon Crawl Stone Soup version 0.27-a0-808-g60bc5d92e6 (webtiles) character file.

Game seed: 87950488457527639

1118 polve the Agent of Entropy (level 8, 0/58 HPs)
             Began as a Demonspawn Abyssal Knight on Mar 28, 2021.
             Was a Priest of Lugonu.
             Slain by an adder (2 damage)
             ... on level 5 of the Dungeon.
             The game lasted 00:08:44 (7248 turns).

polve the Agent of Entropy (DsAK)                   Turns: 7248, Time: 00:08:44

Health: 0/58       AC:  8    Str: 13    XL:     8   Next: 12%
Magic:  2/13       EV: 11    Int: 20    God:    Lugonu [***...]
Gold:   254        SH:  0    Dex: 12    Spells: 3/12 levels left

rFire    + . .     SeeInvis +   b - +3 scimitar
rCold    x . .     Faith    .   (no shield)
rNeg     . . .     Spirit   .   o - +1 leather armour of the Tundras {rC- Int+4 Slay+3 SInv}
rPois    +         Reflect  .   (helmet restricted)
rElec    .         Harm     .   (no cloak)
rCorr    .         Rampage  .   (no gloves)
Will     .....                  f - +1 pair of boots
Stlth    +++.......             (no amulet)
HPRegen  0.19/turn              h - ring of poison resistance
MPRegen  0.13/turn              i - ring of protection from fire

@: no status effects
A: antennae 2, spiny 1, sharp scales 2, demonic magic 2
a: Renounce Religion, Depart the Abyss, Bend Space, Banish


You were on level 5 of the Dungeon.
You worshipped Lugonu.
Lugonu was most pleased with you.
You visited 1 branch of the dungeon, and saw 5 of its levels.
You visited the Abyss 1 time.
You also visited: Sewer.

You collected 254 gold pieces.

Inventory:

Hand Weapons
 b - a +3 scimitar (weapon)
 m - a +0 broad axe
Armour
 f - a +1 pair of boots (worn)
 o - the +1 leather armour of the Tundras (worn) {rC- Int+4 Slay+3 SInv}
   (You found it on level 4 of the Dungeon)

   It affects your intelligence (+4).
   It affects your accuracy and damage with ranged weapons and melee attacks
   (+3).
   It makes you vulnerable to cold.
   It lets you see invisible.
Jewellery
 g - a ring of ice
 h - a ring of poison resistance (left hand)
 i - a ring of protection from fire (right hand)
 l - a ring of positive energy
Scrolls
 a - a scroll of vulnerability {unknown}
 c - a scroll of fog {unknown}
 d - 4 scrolls of teleportation
 e - 2 scrolls of identify
 k - a scroll of blinking {unknown}
 n - a scroll of enchant armour
Potions
 j - a potion of brilliance


   Skills:
 - Level 3.0 Fighting
 - Level 3.3 Long Blades
 - Level 1.7 Armour
 - Level 0.8 Dodging
 - Level 5.0 Stealth
 - Level 2.9 Spellcasting
 - Level 3.2 Hexes
 + Level 7.4 Invocations


You had 3 spell levels left.
You knew the following spells:

 Your Spells              Type           Power      Damage    Failure   Level
a - Corona                Hex            17%        N/A       4%          1
b - Tukima's Dance        Hex            16%        N/A       14%         3
c - Alistair's Intoxicat  Tmut/Pois      1%         N/A       99%         5

Your spell library contained the following spells:

 Spells                   Type           Power      Damage    Failure   Level
 Animate Skeleton         Necr           4%         N/A       19%         1
 Apportation              Tloc           4%         N/A       19%         1
 Summon Small Mammal      Summ           8%         N/A       19%         1
 Lesser Beckoning         Tloc           1%         N/A       50%         3
 Invisibility             Hex            16%        N/A       100%        6


Dungeon Overview and Level Annotations

Branches:
Dungeon (5/15)              Sewer (visited)
 Temple: D:4-7

Altars:
Ashenzari
Cheibriados
Elyvilon
Gozag
Hepliaklqana
Makhleb
Okawaru
Qazlal
Sif Muna
Wu Jian
Yredelemnul

Shops:
D:3 (


Innate Abilities, Weirdness & Mutations

You have a pair of antennae on your head.
You are partially covered in sharp spines.
You are mostly covered in razor-sharp scales. (AC +2, Slay +2)
Spells you cast may paralyse nearby enemies.


Message History

The ogre hits you with a +0 giant spiked club!
* * * LOW HITPOINT WARNING * * *
Space bends around you!
You blink.
A shadow imp comes into view.
Casting: Corona (safe; 4% risk of failure)
Confirm with . or Enter, or press ? or * to list all spells.
Aiming: Corona (safe; 4% risk of failure)
Press: ? - help, Shift-Dir - straight line, f/p - ogre
Aim: an ogre, wielding a +0 giant spiked club (translocational energy, heavily wounded, softly glowing, chance to affect: 53%)
The ogre glows brighter.
Malevolent energies surge around you.
Casting: Corona (safe; 4% risk of failure)
Confirm with . or Enter, or press ? or * to list all spells.
Aiming: Corona (safe; 4% risk of failure)
Press: ? - help, Shift-Dir - straight line, f/p - ogre
Aim: an ogre, wielding a +0 giant spiked club (heavily wounded, softly glowing, chance to affect: 53%)
The ogre glows brighter.
Malevolent energies surge around you. The ogre is struck by your spines.
The ogre hits you with a +0 giant spiked club.
* * * LOW HITPOINT WARNING * * *
Okay, then.
Casting: Corona (safe; 4% risk of failure)
Confirm with . or Enter, or press ? or * to list all spells.
Aiming: Corona (safe; 4% risk of failure)
Press: ? - help, Shift-Dir - straight line, f/p - ogre
Aim: an ogre, wielding a +0 giant spiked club (severely wounded, softly glowing, chance to affect: 53%)
The ogre struggles to resist.
Malevolent energies surge around you. The adder bites you but does no damage.
The ogre misses you. The ogre is struck by your spines.
The ogre completely misses you.
You riposte.
You slash the ogre!
You kill the ogre!
Lugonu accepts your kill.
Your Invocations skill increases to level 7!
You closely miss the adder.
The adder is lightly wounded.
The adder is struck by your spines. The adder closely misses you.
The shadow imp closely misses you.
You riposte.
You slash the shadow imp!
You kill the shadow imp!
Lugonu accepts your kill.
You can now banish your foes.
The adder bites you.
You die...

##.#.# # #.##..#####.......
##....##### #.......##........
...............................
##....######.###...#.#.........
##.#.## # .........)..).....
##...## ####.##.#.##..>..#
##.#.#.## #.....#.# #...##
#.#..##.# #S)####.# #+##
##..##.## #@.# ... ##.#.## #..#
... ####..## #.... ... .....##
....... ###..# ##........
###..# ###...... .....# ##....
###.## .... ....#


You could see an adder (corona).

Vanquished Creatures
  The ghost of p0werm0de the Skirmisher, an amateur GrFi (D:4)
  Purgy (Sewer)
  An ogre (D:5)
  A phantom (D:5)
  2 scorpions
  4 wights (D:4)
  A howler monkey (D:5)
  A bullfrog zombie (D:5)
  A bullfrog skeleton (D:5)
  A hound (D:5)
  An orc priest (D:5)
  A jelly (D:2)
  Terence (D:2)
  2 orc wizards
  5 gnolls
  5 adders
  A shadow imp (D:5)
  A white imp (D:5)
  An ufetubus (D:4)
  3 dart slugs
  11 orcs
  7 ball pythons
  7 endoplasms
  7 giant cockroaches
  4 goblins
  10 hobgoblins
  5 jackals
  6 quokkas
  9 bats
  5 kobolds
  6 rats
112 creatures vanquished.

Notes
Turn   | Place    | Note
-------+----------+-------------------------------------------
     0 | Abyss:1  | polve the Demonspawn Abyssal Knight began the quest for the
                  | Orb.
     0 | Abyss:1  | Reached XP level 1. HP: 18/18 MP: 2/2
    61 | Abyss:1  | Noticed an ancient zyme
   199 | Abyss:1  | Noticed a glowing orange brain
   200 | D:1      | Escaped the Abyss
   765 | D:1      | Found a broken altar of Ashenzari.
   788 | D:1      | Gained mutation: Spells you cast may paralyse adjacent
                  | enemies. [demonic ancestry]
   788 | D:1      | Reached XP level 2. HP: 15/24 MP: 3/3
  1096 | D:1      | Reached * piety under Lugonu
  1103 | D:1      | Gained mutation: You are partially covered in razor-sharp
                  | scales. (AC +1, Slay +1) [demonic ancestry]
  1103 | D:1      | Reached XP level 3. HP: 8/29 MP: 4/4
  1914 | D:1      | Learned a level 1 spell: Corona
  1936 | D:2      | Reached skill level 1 in Spellcasting
  1936 | D:2      | Reached skill level 1 in Hexes
  1941 | D:2      | Gained mutation: You have a pair of small antennae on your
                  | head. [demonic ancestry]
  1941 | D:2      | Reached XP level 4. HP: 22/35 MP: 5/5
  2812 | D:2      | Gained mutation: You have a pair of antennae on your head.
                  | [demonic ancestry]
  2812 | D:2      | Reached XP level 5. HP: 32/41 MP: 8/8
  2914 | D:2      | Noticed Terence
  2923 | D:2      | Killed Terence
  3322 | D:3      | Found Bufasm's Weapon Emporium.
  4177 | D:3      | Found a stormy altar of Qazlal.
  4178 | D:3      | Found a snail-covered altar of Cheibriados.
  4184 | D:3      | Found an iron altar of Okawaru.
  4193 | D:3      | Reached ** piety under Lugonu
  4741 | D:3      | Found a hazy altar of Hepliaklqana.
  4741 | D:3      | Found a shimmering blue altar of Sif Muna.
  4741 | D:3      | Found a basalt altar of Yredelemnul.
  4742 | D:3      | Found a burning altar of Makhleb.
  4744 | D:3      | Found an opulent altar of Gozag.
  5057 | D:4      | Found a runed translucent door.
  5061 | D:4      | Noticed p0werm0de's ghost (amateur GrFi)
  5090 | D:4      | Reached skill level 1 in Stealth
  5090 | D:4      | Gained mutation: You are partially covered in sharp spines.
                  | [demonic ancestry]
  5090 | D:4      | Reached XP level 6. HP: 44/47 MP: 7/10
  5116 | D:4      | Found a glowing drain.
  5127 | Sewer    | Entered a sewer
  5165 | Sewer    | Noticed Purgy
  5183 | Sewer    | Killed Purgy
  5184 | Sewer    | Reached skill level 3 in Invocations
  5212 | Sewer    | Learned a level 3 spell: Tukima's Dance
  5218 | Sewer    | Learned a level 5 spell: Alistair's Intoxication
  5925 | D:4      | Reached skill level 4 in Invocations
  5925 | D:4      | Gained mutation: Spells you cast may paralyse nearby
                  | enemies. [demonic ancestry]
  5925 | D:4      | Reached XP level 7. HP: 49/52 MP: 9/11
  5960 | D:4      | Identified the +1 leather armour of the Tundras {rC- Int+4
                  | Slay+3 SInv}
  6348 | D:4      | Killed p0werm0de's ghost
  6468 | D:5      | Entered Level 5 of the Dungeon
  6478 | D:5      | Reached skill level 5 in Invocations
  6684 | D:5      | Reached skill level 5 in Stealth
  6692 | D:5      | Reached skill level 6 in Invocations
  6974 | D:5      | Found an ornate altar of the Wu Jian Council.
  6991 | D:5      | Gained mutation: You are mostly covered in razor-sharp
                  | scales. (AC +2, Slay +2) [demonic ancestry]
  6991 | D:5      | Reached XP level 8. HP: 55/58 MP: 10/12
  7245 | D:5      | HP: 2/58 [ogre/+0 giant spiked club (4)]
  7248 | D:5      | Reached skill level 7 in Invocations
  7248 | D:5      | Reached *** piety under Lugonu
  7248 | D:5      | Slain by an adder

Illustrated notes

Levels and vault maps discovered:
D:1:      ncdulo_lavacross, layout_rooms, hex_medium, evilmike_ruin_ashenzari
D:2:      layout_loops_cross, corner_web_ring, uniq_terence
D:3:      layout_basic, minitemple, serial_shops, nicolae_shop_behind_doors
D:4:      layout_cave_pools, gup_sewer_entry_pipe, ebering_ghost_reflecting_pool
D:5:      layout_loops_corners, nicolae_wu_jian_wuxing_cycle,
          grunt_decor_clamped, nicolae_ru_the_path_less_chosen

Skill      XL: |  1  2  3  4  5  6  7  8 |
---------------+-------------------------+-----
Long Blades    | 2 3 |  3.3
Spellcasting   | 1 2 |  2.9
Hexes          | 1 2 3 |  3.2
Stealth        | 1 3 5 |  5.0
Invocations    | 4 6 7 |  7.4
Fighting       | |  3.0
Armour         | |  1.7
Dodging        | |  0.8

Action                   |  1- 3 |  4- 6 |  7- 9 || total
-------------------------+-------+-------+-------++-------
Melee: Long sword        |    75 |   139 |     5 ||   219
       Falchion          |     7 |       |       ||     7
       Scimitar          |       |       |    41 ||    41
 Cast: Corona            |       |    27 |    23 ||    50
Invok: Depart the Abyss  |     1 |       |       ||     1
       Bend Space        |       |     2 |     3 ||     5
  Use: Potion            |       |     5 |     1 ||     6
       Scroll            |       |     3 |       ||     3
 Stab: Paralysed         |       |    21 |    10 ||    31
       Sleeping          |       |     3 |     1 ||     4
Armor: Leather armour    |    29 |    52 |    16 ||    97
Dodge: Dodged            |    52 |   108 |    22 ||   182
       Rpst.: Falchion   |     2 |       |       ||     2
       Long sword        |    16 |    40 |     1 ||    57
       Scimitar          |       |       |     7 ||     7

Table legend: (Time is in decaauts)
 A = Elapsed time spent in this place.
 B = Non-inter-level travel time spent in this place.
 C = Inter-level travel time spent in this place.
 D = Time resting spent in this place.
 E = Time spent auto-exploring this place.
 F = Levels seen in this place.
 G = Mean time per level.
                   A        B        C        D        E       F      G
               +--------+--------+--------+--------+--------+-----+--------+
         Total |   7310 |   7135 |    175 |     39 |   6203 |   7 | 1044.3 |
       Dungeon |   6965 |   6790 |    175 |     39 |   5964 |   5 | 1393.0 |
         Abyss |    200 |    200 |      0 |      0 |    171 |   1 |  200.0 |
         Sewer |    145 |    145 |      0 |      0 |     67 |   1 |  145.0 |
               +--------+--------+--------+--------+--------+-----+--------+

Top non-repeatable levels by time:
     D:3: 1880 daAuts
     D:1: 1747 daAuts
     D:2: 1731 daAuts
     D:4: 819 daAuts
     D:5: 786 daAuts
 Abyss:1: 200 daAuts
   Sewer: 145 daAuts
